 Dungeon Crawl Stone Soup version 0.26-a0-611-g354ed81502 (webtiles) character file.

Game seed: 17446578045313451228

2984 Peloso the Blocker (level 9, -6/75 HPs)
             Began as a Minotaur Fighter on Sept 5, 2020.
             Was a Follower of Okawaru.
             Mangled by a 13-headed hydra (7 damage)
             ... on level 8 of the Dungeon.
             The game lasted 00:17:18 (8196 turns).

Peloso the Blocker (Minotaur Fighter)               Turns: 8196, Time: 00:17:19

Health: -6/75      AC: 18    Str: 23    XL:     9   Next: 53%
Magic:  6/8        EV: 10    Int:  5    God:    Okawaru [*.....]
Gold:   398        SH: 23    Dex: 18    Spells: 8/8 levels left

rFire    . . .     SeeInvis +   a - +4 long sword
rCold    . . .     Faith    +   d - +2 tower shield
rNeg     . . .     Spirit   .   q - +0 plate armour
rPois    .         Reflect  .   C - +1 hat
rElec    .         Harm     .   D - scarf {shadows}
rCorr    .                      K - +0 pair of gloves
MR       .....                  (no boots)
Stlth    ..........             m - amulet of faith
HPRegen  0.22/turn              L - ring of attention (curse)
MPRegen  0.11/turn              F - ring of Ashenzari's Reproof {+Blink Dex+7 SInv}

@: mighty, heroism, stab
A: retaliatory headbutt, horns 2
a: Heroism, Renounce Religion, Evoke Blink


You were on level 8 of the Dungeon.
You worshipped Okawaru.
Okawaru was aware of your devotion.
You visited 2 branches of the dungeon, and saw 9 of its levels.
You also visited: Ossuary.

You collected 464 gold pieces.
You spent 66 gold pieces at shops.

Inventory:

Hand Weapons
 a - a +4 long sword (weapon)
 c - the +9 spear of the Abyss {freeze, rElec Dex+8}
   (You found it on level 5 of the Dungeon)

   It has been specially enchanted to freeze those struck by it, causing extra
   injury to most foes and up to half again as much damage against particularly
   susceptible opponents.
   It can also slow down cold-blooded creatures.
   It affects your dexterity (+8).
   It insulates you from electricity.
Missiles
 k - 21 bolts
Armour
 b - a +0 scale mail
 d - a +2 tower shield (worn)
 q - a +0 plate armour (worn)
 C - a +1 hat (worn)
 D - a scarf of shadows (worn)
 H - a scarf of invisibility
 K - a +0 pair of gloves (worn)
Jewellery
 m - an amulet of faith (around neck)
 r - an uncursed ring of wizardry
 F - the ring of Ashenzari's Reproof (right hand) {+Blink Dex+7 SInv}
   (You found it on level 7 of the Dungeon)

   [ring of see invisible]

   It affects your dexterity (+7).
   It lets you see invisible.
   It lets you blink.
 L - a cursed ring of attention (left hand)
Wands
 u - a wand of enslavement (8)
 G - a wand of paralysis (6)
Scrolls
 e - 3 scrolls of immolation
 f - 5 scrolls of teleportation
 g - 3 scrolls of amnesia {unknown}
 h - 2 scrolls of remove curse
 i - 2 scrolls of identify
 j - 2 scrolls of random uselessness {unknown}
 o - 2 scrolls of enchant weapon {unknown}
 s - 2 scrolls of noise
 t - a scroll of fear
 v - 2 scrolls of enchant armour
 y - 2 scrolls of blinking {unknown}
 z - 2 scrolls of fog
Potions
 l - 2 potions of might
 n - 2 potions of curing
 p - 2 potions of haste
 w - 3 potions of magic {unknown}
 x - 3 potions of flight {unknown}
 A - 5 potions of brilliance {unknown}
 B - 3 potions of ambrosia
 E - 2 potions of mutation
 I - 2 potions of heal wounds
 J - a potion of stabbing


   Skills:
 + Level 6.3(11.3) Fighting
 + Level 8.1(13.1) Long Blades
 + Level 4.3(9.3) Polearms
 + Level 7.1(12.1) Armour
 + Level 2.7(7.7) Dodging
 + Level 0.8(5.8) Stealth
 + Level 10.3(15.3) Shields


You had 8 spell levels left.
You didn't know any spells.
Your spell library contained the following spells:

 Spells                   Type           Power        Failure   Level
 Animate Skeleton         Necr           #.....       100%        1
 Apportation              Tloc           #.....       100%        1
 Corona                   Hex            #......      100%        1
 Magic Dart               Conj           #...         100%        1
 Pain                     Necr           #...         100%        1
 Summon Small Mammal      Summ           #...         100%        1
 Blink                    Tloc           N/A          100%        2
 Call Imp                 Summ           #.......     100%        2
 Slow                     Hex            #.......     100%        2
 Confusing Touch          Hex            #.......     100%        3
 Conjure Flame            Conj/Fire      #.......     100%        3
 Gell's Gravitas          Tloc           #.........   100%        3
 Mephitic Cloud           Conj/Pois/Air  #.......     100%        3
 Vampiric Draining        Necr           #.........   100%        3
 Animate Dead             Necr           #.........   100%        4
 Petrify                  Tmut/Erth      #.......     100%        4
 Agony                    Necr           #.......     100%        5
 Metabolic Englaciation   Hex/Ice        #.........   100%        5
 Yara's Violent Unravell  Hex/Tmut       #.........   100%        5


Dungeon Overview and Level Annotations

Branches:
Dungeon (8/15)             Temple (1/1) D:7         Ossuary (visited)
   Lair: D:8-11

Altars:
Cheibriados
Dithmenos
Elyvilon
Fedhas
Hepliaklqana
Kikubaaqudgha
Nemelex Xobeh
Okawaru
Qazlal
Sif Muna
Uskayaw
Xom
Zin
The Shining One

Shops:
D:6 !


Innate Abilities, Weirdness & Mutations

You reflexively headbutt those who attack you in melee.
You have a pair of horns on your head.


Message History

* * * LOW HITPOINT WARNING * * *
The 11-headed hydra bites you but does no damage.
The 11-headed hydra bites you.
* * * LOW HITPOINT WARNING * * *
You block the 11-headed hydra's attack. The 11-headed hydra closely misses you.
The 11-headed hydra barely misses you. You block the 11-headed hydra's attack.
You chop one of the 11-headed hydra's heads off!
The ten-headed hydra grows two more!
You slice the 12-headed hydra!! You headbutt the 12-headed hydra!
The 12-headed hydra is heavily wounded.
You lop one of the 12-headed hydra's heads off!
The 11-headed hydra grows two more!
You slash the 13-headed hydra! You headbutt the 13-headed hydra!!
The 13-headed hydra is severely wounded.
You block the 13-headed hydra's attack.
The 13-headed hydra bites you but does no damage.
The 13-headed hydra bites you.
* * * LOW HITPOINT WARNING * * *
The 13-headed hydra bites you!
You die...

......# .. ...... ..#
..... ..# #... .#.. #..
...# #D#. #.. #@#. ###.
#.#.## ...# #.#..# #..
#.##.### . ###
.####.##...##.# ##.
#......[..#....######..
######.##..............
#.#...............
#.#.#........#.###


You could see a 13-headed hydra.

Vanquished Creatures
  A hippogriff (Temple)
  Duvessa (D:5)
  A sky beast (D:5)
  An ice beast (D:3)
  3 orc warriors
  A phantom (D:7)
  2 centaurs
  A big kobold (D:8)
  A bullfrog (D:7)
  4 water moccasin zombies (Ossuary)
  Dowan (D:5)
  2 scorpions
  7 wights (D:8)
  5 killer bees
  A howler monkey (D:6)
  3 hounds
  A jelly (D:8)
  7 orc priests
  A bullfrog skeleton (D:7)
  An iguana (D:4)
  2 orc wizards
  3 worker ants
  A big kobold zombie (Ossuary)
  A hound zombie (D:7)
  2 mummies (Ossuary)
  A worker ant zombie (D:5)
  Robin (D:3)
  5 gnolls (D:8)
  10 adders
  An ufetubus (D:5)
  An ooze (D:2)
  7 adder zombies (Ossuary)
  An adder skeleton (D:4)
  3 worms
  3 dart slugs
  8 leopard geckos
  34 orcs
  7 bats
  11 giant cockroaches
  5 gnoll zombies (Ossuary)
  15 goblins
  4 hobgoblins
  8 jackals
  13 kobolds
  3 ball pythons
  5 frilled lizards
  6 hobgoblin zombies (Ossuary)
  5 kobold zombies (Ossuary)
  2 orc zombies (Ossuary)
  A quokka skeleton (D:8)
  9 rats
223 creatures vanquished.

Vanquished Creatures (others)
  4 fungi (D:3)
  2 plants (D:3)
6 creatures vanquished.

Grand Total: 229 creatures vanquished

Notes
Turn   | Place    | Note
-------+----------+-------------------------------------------
     0 | D:1      | Peloso the Minotaur Fighter began the quest for the Orb.
     0 | D:1      | Reached XP level 1. HP: 19/19 MP: 0/0
    16 | D:1      | Reached XP level 2. HP: 25/27 MP: 1/1
    76 | D:1      | Reached skill level 4 in Shields
   636 | D:2      | Reached XP level 3. HP: 33/33 MP: 2/2
  1214 | D:2      | Reached XP level 4. HP: 39/40 MP: 3/3
  1434 | D:2      | Found a shimmering blue altar of Sif Muna.
  1661 | D:3      | Noticed Robin
  1702 | D:3      | Killed Robin
  1890 | D:3      | Noticed an ice beast
  1905 | D:3      | Killed an ice beast
  1905 | D:3      | Reached skill level 1 in Dodging
  1905 | D:3      | Reached skill level 5 in Shields
  1905 | D:3      | Reached XP level 5. HP: 6/47 MP: 4/4
  2293 | D:3      | Found a blossoming altar of Fedhas.
  2358 | D:3      | Found a shimmering altar of Xom.
  2358 | D:3      | Found a shimmering altar of Xom.
  2368 | D:3      | Found a shimmering altar of Xom.
  2369 | D:3      | Found a shimmering altar of Xom.
  2370 | D:3      | Found a shimmering altar of Xom.
  2403 | D:3      | Found a shimmering altar of Xom.
  2403 | D:3      | Found a shimmering altar of Xom.
  2517 | D:3      | Found a sparkling altar of Nemelex Xobeh.
  2813 | D:4      | Found a snail-covered altar of Cheibriados.
  2826 | D:4      | Reached skill level 5 in Long Blades
  2826 | D:4      | Reached XP level 6. HP: 53/53 MP: 5/5
  2835 | D:4      | Found a glowing golden altar of the Shining One.
  3118 | D:4      | HP: 1/53 [orc priest/divine providence (12)]
  3746 | D:5      | Entered Level 5 of the Dungeon
  3768 | D:5      | Found a sand-covered staircase.
  3777 | D:5      | Noticed Dowan
  3778 | D:5      | Noticed Duvessa
  3811 | D:5      | Killed Duvessa
  3811 | D:5      | Reached skill level 5 in Fighting
  3816 | Ossuary  | Entered an ossuary
  3995 | Ossuary  | Reached XP level 7. HP: 61/61 MP: 6/6
  4009 | Ossuary  | Reached skill level 5 in Armour
  4009 | Ossuary  | Reached skill level 6 in Shields
  4411 | D:5      | Killed Dowan
  4532 | D:5      | Found an ancient bone altar of Kikubaaqudgha.
  4644 | D:5      | Reached skill level 7 in Shields
  4644 | D:5      | Reached XP level 8. HP: 63/69 MP: 7/7
  4903 | D:5      | Got a jewelled spear
  4904 | D:5      | Identified the +9 spear of the Abyss {freeze, rElec Dex+8}
                  | (You found it on level 5 of the Dungeon)
  4950 | D:5      | Found a white marble altar of Elyvilon.
  5105 | D:5      | Found a glowing silver altar of Zin.
  6010 | D:6      | Found Fouty's Distillery.
  6017 | D:6      | Bought a potion of degeneration for 11 gold pieces
  6017 | D:6      | Bought a potion of heal wounds for 55 gold pieces
  6220 | D:6      | Found a hazy altar of Hepliaklqana.
  6486 | D:7      | Got an ancient jade ring
  6487 | D:7      | Identified the ring of Ashenzari's Reproof {+Blink Dex+7
                  | SInv} (You found it on level 7 of the Dungeon)
  6620 | D:7      | Reached skill level 1 in Polearms
  6640 | D:7      | Reached skill level 8 in Shields
  6757 | D:7      | Found a staircase to the Ecumenical Temple.
  6759 | D:7      | Noticed a hippogriff
  6766 | Temple   | Entered the Ecumenical Temple
  6775 | Temple   | Killed a hippogriff
  6783 | Temple   | Became a worshipper of Warmaster Okawaru
  6853 | D:7      | Found a hide-covered altar of Uskayaw.
  6900 | D:7      | Found a shadowy altar of Dithmenos.
  7016 | D:7      | Reached XP level 9. HP: 57/75 MP: 8/8
  7387 | D:7      | Found a stormy altar of Qazlal.
  7544 | D:8      | Reached * piety under Okawaru
  7559 | D:7      | Reached skill level 9 in Shields
  7915 | D:8      | Reached skill level 10 in Shields
  8183 | D:8      | Noticed a seven-headed hydra
  8196 | D:8      | HP: 1/75 [13-headed hydra (4)]
  8196 | D:8      | Mangled by a 13-headed hydra

Illustrated notes

Levels and vault maps discovered:
D:1:      minmay_arrival_four_circles, layout_rooms, kennysheep_doodads
D:2:      layout_basic, led_sif_pool
D:3:      layout_loops_ring, old_standard_altar, fedhas_altar_3,
          nicolae_xom_altar_mimics, uniq_robin
D:4:      layout_loops_ring, grunt_temple_overflow_open
D:5:      layout_layer_cave, elyvilon_altar_5, nicolae_overflow_crystal_walls,
          zin_academy, nicolae_ossuary_entry_false_entrances, uniq_duvessa
D:6:      layout_loops_cross, lemuel_coloured_pillars_altar, serial_shops, shop
D:7:      layout_loops_ring, kennysheep_little_box,
          eat_drink_and_be_merry_uskayaw, minmay_temple_entry_sparse_star,
          basic_altar
D:8:      layout_rooms, minmay_increasing_density
Temple:   dpeg_chambers_temple

Skill      XL: |  1  2  3  4  5  6  7  8  9 |
---------------+----------------------------+-----
Shields        | 4 5 7 8 10 | 10.3
Long Blades    | 3 4 5 7 8 |  8.1
Fighting       | 4 5 6 |  6.3
Armour         | 4 5 6 7 |  7.1
Dodging        | 1 2 |  2.7
Polearms       | 2 4 |  4.3
Stealth        | |  0.8

Action                   |  1- 3 |  4- 6 |  7- 9 || total
-------------------------+-------+-------+-------++-------
Melee: Long sword        |    63 |   224 |   261 ||   548
       Headbutt          |     6 |    37 |    98 ||   141
       Spear             |       |       |   117 ||   117
Invok: Heroism           |       |       |     1 ||     1
  Use: Potion            |       |     3 |     2 ||     5
       Scroll            |       |     6 |     7 ||    13
Armor: Scale mail        |    36 |    51 |       ||    87
       Chain mail        |       |    17 |    71 ||    88
       Plate armour      |       |       |    87 ||    87
Dodge: Dodged            |    27 |    41 |    54 ||   122
Block: Kite shield       |    23 |       |       ||    23
       Tower shield      |    19 |   221 |   428 ||   668
       Rpst.: Long sword |    11 |     6 |    10 ||    27

Table legend: (Time is in decaauts)
 A = Elapsed time spent in this place.
 B = Non-inter-level travel time spent in this place.
 C = Inter-level travel time spent in this place.
 D = Time resting spent in this place.
 E = Time spent auto-exploring this place.
 F = Levels seen in this place.
 G = Mean time per level.
                   A        B        C        D        E       F      G
               +--------+--------+--------+--------+--------+-----+--------+
         Total |   8346 |   8142 |    204 |    468 |   5658 |  10 |  834.6 |
       Dungeon |   7710 |   7506 |    204 |    294 |   5462 |   8 |  963.8 |
        Temple |     26 |     26 |      0 |      0 |      0 |   1 |   26.0 |
       Ossuary |    609 |    609 |      0 |    174 |    196 |   1 |  609.0 |
               +--------+--------+--------+--------+--------+-----+--------+

Top non-repeatable levels by time:
     D:5: 1300 daAuts
     D:3: 1297 daAuts
     D:7: 984 daAuts
     D:4: 959 daAuts
     D:2: 942 daAuts
     D:6: 836 daAuts
     D:8: 758 daAuts
     D:1: 630 daAuts
 Ossuary: 609 daAuts
  Temple: 26 daAuts
